[Event "Late-Titled-Tuesday-Blitz-July-09-2024"]
[Site "Chess.com"]
[Date "2024.07.09"]
[Round "7"]
[White "Sek_Konstantin"]
[Black "BogdanDeac"]
[Result "1-0"]
[WhiteElo "2751"]
[BlackElo "2955"]
[TimeControl "180+1"]
[EndTime "15:16:46 PDT"]
[Termination "Sek_Konstantin won on time"]

1. e4 c5 2. Nf3 e6 3. g3 d5 4. exd5 exd5 5. Bg2 Qe7+ 6. Qe2 Qxe2+ 7. Kxe2 Nc6 8. Re1 h6 9. Kf1+ Be6 10. Ne5 Nxe5 11. Rxe5 Ne7 12. d3 O-O-O 13. Re1 Nc6 14. Be3 Be7 15. Na3 Rhe8 16. c3 d4 17. Bxc6 bxc6 18.
cxd4 cxd4 19. Bf4 Bb4 20. Rec1 Bh3+ 21. Kg1 g5 22. Rxc6+ Kb7 23. Rxh6 g4 24. Nc4 Re2 25. Bd6 Bxd6 26. Nxd6+ Ka8 27. Rf6 Rxb2 28. Rc1 Rxa2 29. Ne4 Rb8 30. Rxf7 Re2 31. Ng5 Rbe8 32. Nxh3 gxh3 33.
Rf1 Rd2 34. Rf3 a5 35. g4 a4 36. Rxh3 a3 37. Ra1 a2 38. Kg2 Rb8 39. g5 Rb1 40. Rxa2+ Rxa2 41. g6 Rb8 42. Rg3 Ra5 43. g7 1-0

[Event "Late-Titled-Tuesday-Blitz-July-09-2024"]
[Site "Chess.com"]
[Date "2024.07.09"]
[Round "7"]
[White "Seppppppy"]
[Black "betta2004"]
[Result "1-0"]
[WhiteElo "2317"]
[BlackElo "2498"]
[TimeControl "180+1"]
[EndTime "15:16:49 PDT"]
[Termination "Seppppppy won by resignation"]

1. e4 c6 2. d4 d5 3. e5 c5 4. Nf3 Nc6 5. c4 cxd4 6. Nxd4 e6 7. Nc3 Bc5 8. Nxc6 bxc6 9. Qg4 Ne7 10. Qxg7 Rg8 11.
Qxh7 Qb6 12. Qc2 Bb4 13. a3 Bxc3+ 14. bxc3 Ng6 15. Be3 Qc7 16. f4 Nh4 17. Qh7 Rg4 18.
Qh8+ Kd7 19. Qf8 Qa5 20. Qxf7+ Kd8 21. Qf8+ Kd7 22. Qb4 Qxb4 23. cxb4 Nxg2+ 24. Bxg2 Rxg2 25. O-O-O Ba6 26. c5 Rh8 27. Rd2 Be2 28. Rg1 Rhxh2 29. Rxg2 Rxg2 30. a4 a6 31. Kb2 Ke8 32. Kc3 Kf7 33.
Kd4 Kg6 34. b5 axb5 35. axb5 cxb5 36. c6 Kf5 37. c7 Rg8 38. Rxe2 Rc8 39. Rc2 b4 40. Rc6 b3 41. Kc3 Ke4 42. Bb6 Kxf4 43. Rd6 Kxe5 44. Rd8 b2 45. Kxb2 Rxc7 46. Bxc7+ Ke4 47.
Kc3 e5 48. Re8 d4+ 49. Kc4 Ke3 50. Rxe5+ 1-0

[Event "Late-Titled-Tuesday-Blitz-July-09-2024"]
[Site "Chess.com"]
[Date "2024.07.09"]
[Round "7"]
[White "GHANDEEVAM2003"]
[Black "vellottiwizard"]
[Result "0-1"]
[WhiteElo "3173"]
[BlackElo "2766"]
[TimeControl "180+1"]
[EndTime "15:16:50 PDT"]
[Termination "vellottiwizard won by resignation"]

1. e4 e6 2. d3 d5 3. Qe2 Nf6 4. Nf3 Be7 5. g3 O-O 6. Bg2 c5 7. O-O Nc6 8. e5 Nd7 9. a4 Rb8 10. h4 f6 11. exf6 Nxf6 12. Nc3 a6 13. Re1 Bd6 14. Nd1 e5 15. Bg5 Bg4 16. Ne3 Be6 17. Bxf6 Qxf6 18. Ng5 Ne7 19. c4 d4 20. Ne4 Qg6 21. h5 Qh6 22. Nxd6 Bd7 23. Nxb7 dxe3 24. Qxe3 Qxe3 25. Rxe3 Bc6 26. Nxc5 Rxb2 27. Rf1 Bxg2 28. Kxg2 Nc6 29. Nxa6 Rf5 30. Nc7 Ra2 31. Rf3 Rxh5 32. Ne6 h6 33. Rf8+ Kh7 34. Rf7 Kg6 35. Rxg7+ Kf6 36.
Rc7 Nb4 37. Nc5 Rf5 38. Ne4+ Kg6 39. Rb1 Nxd3 40. Rc6+ Kg7 41. Rb7+ Rf7 42. Rxf7+ Kxf7 43. Rxh6 Rxa4 44. Rc6 Ke7 45. Kf3 Ra2 46. Ke3 Ne1 47. c5 Nc2+ 48. Kf3 Nd4+ 0-1

[Event "Late-Titled-Tuesday-Blitz-July-09-2024"]
[Site "Chess.com"]
[Date "2024.07.09"]
[Round "7"]
[White "Kyrko_Gamba"]
[Black "KVAIDAN"]
[Result "0-1"]
[WhiteElo "2517"]
[BlackElo "2383"]
[TimeControl "180+1"]
[EndTime "15:16:52 PDT"]
[Termination "KVAIDAN won by checkmate"]

1. Nf3 f5 2. d3 d6 3. e4 e5 4. Qe2 Nf6 5. exf5 Bxf5 6. d4 e4 7. Nh4 Bd7 8. f3 d5 9. Bg5 Be7 10. fxe4 Nxe4 11. Bxe7 Qxe7 12. Qh5+ Kd8 13. Ng6 Qb4+ 14.
Nc3 Qxb2 15. Nxe4 Qxa1+ 16. Kd2 Qxd4+ 17. Bd3 dxe4 18. Nxh8 exd3 19. Nf7+ Kc8 20. cxd3 Qf4+ 21. Kc2 Ba4+ 22. Kc3 Nc6 23. Qh3+ Kb8 24. Rb1 Qd4+ 25. Kd2 Qf2+ 26. Kc3 Qxf7 27. Qe3 b6 28. Qe4 Kb7 29. Qxa4 Rd8 30. Qe4 Qf6+ 31. Kd2 Qf2+ 32. Kc3 Qd4+ 33. Qxd4 Nxd4 34. Rf1 Rd7 35. Rf8 c5 36. Rh8 h6 37.
g4 Ne2+ 38. Kc4 Nf4 39. h4 Rd4+ 40. Kc3 Rxd3+ 41. Kc2 Rd7 42. g5 hxg5 43. hxg5 Ne6 44. g6 Nf4 45. Rh4 Nxg6 46. Rg4 Ne5 47. a4 Nc6 48. a5 Nxa5 49. Rg6 Nc6 50. Rg4 Nd4+ 51. Kc3 a5 52. Kc4 Kc6 53. Rg6+ Rd6 54. Rxg7 b5+ 55.
Kc3 Ne2+ 56. Kc2 b4 57. Kb3 Rd3+ 58. Kc2 Rc3+ 59. Kb2 Nd4 60. Rg8 a4 61. Rc8+ Kb5 62. Rb8+ Kc4 63. Rg8 a3+ 64. Ka2 Rc2+ 65. Kb1 Rb2+ 66. Kc1 Nb3+ 67. Kd1 a2 68. Rg4+ Kb5 69. Rc4 Kxc4 70. Ke1 a1=Q# 0-1

[Event "Late-Titled-Tuesday-Blitz-July-09-2024"]
[Site "Chess.com"]
[Date "2024.07.09"]
[Round "7"]
[White "WindWhistler11"]
[Black "marvinguevara"]
[Result "1-0"]
[WhiteElo "2483"]
[BlackElo "2096"]
[TimeControl "180+1"]
[EndTime "15:16:52 PDT"]
[Termination "WindWhistler11 won on time"]

1. Nf3 d5 2. g3 d4 3. c4 c5 4.
e3 Nc6 5. exd4 cxd4 6. Bg2 Nf6 7. d3 e5 8. O-O Bd6 9. Re1 O-O 10. a3 a5 11.
Nbd2 a4 12. Qc2 Bc7 13. h3 Re8 14. Ng5 h6 15. Nge4 Bf5 16. b4 axb3 17. Nxb3 Nxe4 18. Rxe4 Bxe4 19. Bxe4 Qe7 20. a4 Nb4 21. Qd2 Nc6 22.
Ba3 Bd6 23. c5 Bc7 24. Bb2 Qg5 25. Qc2 f5 26. Bg2 f4 27. g4 f3 28. Bxf3 Rf8 29.
Bg2 Rf6 30. Nd2 Qg6 31. Ne4 Rf4 32. Qb3+ Kh8 33. Qxb7 Ra7 34. Qc8+ Kh7 35. Nd6 Bxd6 36. cxd6 Qxd6 37. Qxc6 Qxc6 38. Bxc6 Rc7 39. Be4+ g6 40. Rc1 Rff7 41. Rf1 Rc2 42. Ba3 Ra2 43. Bd6 Rxa4 44.
Bxe5 Rd7 45. h4 Ra5 46. Bg3 h5 47. g5 Rb5 48. Rc1 Rb3 49. Rc6 1-0

[Event "Late-Titled-Tuesday-Blitz-July-09-2024"]
[Site "Chess.com"]
[Date "2024.07.09"]
[Round "7"]
[White "CarlosjPineror"]
[Black "1g60-1"]
[Result "0-1"]
[WhiteElo "2656"]
[BlackElo "2480"]
[TimeControl "180+1"]
[EndTime "15:16:55 PDT"]
[Termination "1g60-1 won by resignation"]

1. b3 f5 2. Bb2 Nf6 3. Nf3 e6 4.
c4 Be7 5. Qc2 a5 6. a3 O-O 7. e3 d6 8. Be2 e5 9. d4 e4 10. Nfd2 d5 11. g3 c6 12. Nc3 Be6 13.
h4 Na6 14. Na4 Rc8 15. c5 Nb8 16. Bc3 Nbd7 17. b4 axb4 18. axb4 Ra8 19. Nb3 Bf7 20.
Na5 Rb8 21. b5 cxb5 22. Bxb5 Ng4 23. Be2 Bh5 24. Rb1 Qc7 25. Nb6 Nxb6 26. Rxb6 Nxe3 27. fxe3 Qxg3+ 28. Kd1 Bf3 29. Re1 Bxh4 30. Qb3 Qg4 31. Qxd5+ Kh8 32. Rxb7 Bxe1 33. Qd6 Rbe8 34. Kxe1 Bxe2 35.
d5 Rg8 36. Qh6 Bd3 37. Bxg7+ Rxg7 38. Qxg7+ Qxg7 39. Rxg7 Kxg7 40. c6 Kf6 41. d6 Ke6 42.
d7 Rd8 43. Nb7 Rxd7 44. cxd7 Kxd7 45. Nc5+ Kd6 46. Nb7+ Ke5 47. Kf2 f4 48. Nd8 fxe3+ 49. Kxe3 h5 50. Nf7+ Kf5 51. Nd6+ Kg4 52. Kf2 Kf4 53.
Nf7 e3+ 54. Ke1 h4 0-1

[Event "Late-Titled-Tuesday-Blitz-July-09-2024"]
[Site "Chess.com"]
[Date "2024.07.09"]
[Round "7"]
[White "MaxLeto"]
[Black "VirtualCoach"]
[Result "1-0"]
[WhiteElo "2471"]
[BlackElo "2304"]
[TimeControl "180+1"]
[EndTime "15:16:58 PDT"]
[Termination "MaxLeto won by checkmate"]

1. g4 g6 2. Bg2 Bg7 3. d4 d6 4. g5 c6 5. c3 h6 6. h4 hxg5 7.
hxg5 Rxh1 8. Bxh1 Nd7 9. Na3 Nf8 10. Nf3 Bg4 11. Bf4 Qc7 12. Qa4 Bd7 13. O-O-O a6 14. Kb1 O-O-O 15. e4 Bg4 16. Rg1 Bd7 17. Qb3 Ne6 18.
Be3 Be8 19. Nc4 Kb8 20. Ncd2 c5 21. d5 Nf8 22. Ne1 Nd7 23. f4 Nb6 24. c4 Ba4 25. Qa3 Bd7 26. Nd3 Na4 27. Bf3 Qb6 28. Kc1 Qa5 29. Bd1 b5 30. Bxa4 bxa4 31. Nb1 Ka8 32. Bd2 Qb6 33. Bc3 Bxc3 34. Nxc3 Qa5 35. Rh1 Rb8 36. Rh7 f6 37. gxf6 Nxf6 38. Rxe7 Bc8 39.
e5 Ng4 40. exd6 Qd8 41. Qxc5 Rb6 42. Qc7 Qxc7 43. dxc7 Nf2 44. Nxf2 Kb7 45. c5 Rb5 46. d6 Rxc5 47. Re8 Bd7 48. Rd8 Kc6 49. Nd3 Rd5 50.
Ne5+ Kxd6 51. Rxd7+ Kc5 52. Rxd5+ Kb4 53. c8=Q a3 54. Qc4# 1-0

[Event "Late-Titled-Tuesday-Blitz-July-09-2024"]
[Site "Chess.com"]
[Date "2024.07.09"]
[Round "7"]
[White "myburger"]
[Black "Paladin61"]
[Result "0-1"]
[WhiteElo "2547"]
[BlackElo "2736"]
[TimeControl "180+1"]
[EndTime "15:17:00 PDT"]
[Termination "Paladin61 won by checkmate"]

1. d4 Nf6 2. Nc3 d5 3. Bf4 c5 4.
e4 Nxe4 5. Nxe4 dxe4 6. dxc5 Qa5+ 7. Qd2 Qxc5 8. O-O-O Nc6 9. Ne2 g6 10. Nc3 Bg7 11. Nxe4 Qb6 12. c3 Be6 13. Kb1 Rd8 14.
Qc2 Rxd1+ 15. Qxd1 O-O 16. Qc2 Qa5 17. b3 Rc8 18.
Bd3 Nd4 19. Qd2 Nb5 20. Bxb5 Qxb5 21. Rd1 h5 22. Qd3 Qc6 23. Rc1 a5 24. f3 b5 25.
Be3 a4 26. b4 Bc4 27. Qd2 Bd5 28. Bd4 Bxe4+ 29. fxe4 Qxe4+ 30. Kb2 Rd8 31. Re1 Qb7 32. Qf4 Qxg2+ 33. Qf2 Qxf2+ 34. Bxf2 Rd2+ 35. Kc1 Rxf2 36. Rxe7 Bh6+ 37. Kd1 Rxa2 38. Re8+ Kg7 39. Rb8 Rd2+ 40. Ke1 a3 41. Ra8 a2 42. Ra5 Rb2 43. Kd1 Rb1+ 44. Kc2 a1=Q 45. Rxb5 Qa2+ 46. Kd3 Rd1+ 47. Ke4 Qe6+ 48.
Kf3 Qg4+ 49. Kf2 Rd2+ 50. Ke1 Qe2# 0-1

[Event "Late-Titled-Tuesday-Blitz-July-09-2024"]
[Site "Chess.com"]
[Date "2024.07.09"]
[Round "7"]
[White "ACollins05"]
[Black "klercaku"]
[Result "1-0"]
[WhiteElo "2490"]
[BlackElo "2377"]
[TimeControl "180+1"]
[EndTime "15:17:00 PDT"]
[Termination "ACollins05 won by resignation"]

1. d4 d5 2. c4 e6 3. Nf3 Nf6 4. g3 Nbd7 5. Bg2 dxc4 6. O-O c5 7.
Nbd2 cxd4 8. Nxc4 Bc5 9. Nxd4 O-O 10. Nb5 Qe7 11. Be3 Bxe3 12. Nxe3 a6 13. Qd6 Qxd6 14. Nxd6 Rd8 15. Rfd1 Rb8 16. Rac1 b5 17. Nxc8 Rdxc8 18. Rxc8+ Rxc8 19. Bb7 Rb8 20. Bxa6 Kf8 21. Rc1 Ke7 22. b3 Rb6 23. Bc8 Nb8 24. a4 bxa4 25. bxa4 Kd8 26. a5 Rc6 27. Rxc6 Nxc6 28. Ba6 Nxa5 29. Bd3 Nb3 30.
Kf1 Nc5 31. Bc2 Kc7 32. f3 Kc6 33. Kf2 Kb5 34. g4 h6 35. h4 Kc6 36. Ng2 Kd6 37. Nf4 e5 38. Ng2 Nd5 39. Bb1 Nc3 40.
Bc2 Nd5 41. h5 Nb4 42. Bb1 Nd5 43. Nh4 Ne7 44. Ke3 Ne6 45. Ba2 Ng5 46. Kf2 Kd7 47. Ke3 Kd6 48. Kd3 Nd5 49. Nf5+ Kc5 50. Bxd5 Kxd5 51. Nxg7 Ne6 52. Nf5 Nf4+ 53. Kd2 e4 54. Nxh6 Ne6 55. Nxf7 Nf8 56. g5 exf3 57. exf3 Ke6 58.
g6 Kf6 59. Ke3 Ne6 60. Nd6 Ng7 61. Ne4+ Kf5 62. h6 Kxg6 63. hxg7 Kxg7 64. Kf4 Kf7 65. Kf5 Kg7 66. Ke6 Kg6 67. f4 Kg7 68. f5 Kf8 69. f6 Ke8 70. f7+ Kf8 71. Nd2 Kg7 72. Ke7 Kh7 73. f8=Q Kg6 1-0

[Event "Late-Titled-Tuesday-Blitz-July-09-2024"]
[Site "Chess.com"]
[Date "2024.07.09"]
[Round "7"]
[White "Oleg_Papayan"]
[Black "FollowRivers"]
[Result "0-1"]
[WhiteElo "2595"]
[BlackElo "2507"]
[TimeControl "180+1"]
[EndTime "15:17:01 PDT"]
[Termination "FollowRivers won on time"]

1. d4 Nf6 2. Nc3 d5 3. Bf4 e6 4.
Nf3 Bd6 5. e3 O-O 6. Ne5 b6 7. Bd3 Ba6 8. Bxa6 Nxa6 9. Qd3 Nb8 10. O-O a6 11. Rad1 c5 12. dxc5 bxc5 13. Nf3 Bxf4 14.
exf4 g6 15. Ne5 Qc7 16. g3 Nc6 17. Rfe1 Nd7 18. Nxc6 Qxc6 19. Ne4 Qb5 20. b3 Qxd3 21. Rxd3 Rfc8 22. c4 d4 23. f3 a5 24. a4 Rab8 25. Kf2 Rc6 26. g4 Rcb6 27. Nd2 Kg7 28. h4 Nf6 29. Re5 Nd7 30. Re1 Nf6 31. Re2 h5 32. Kg3 Rh8 33. Re5 Nd7 34. Re2 hxg4 35. fxg4 Nf6 36. Re5 Nd7 37. Re2 Nf6 38. Rh2 Rh7 39. Re2 Rb8 40. Ne4 Nxe4+ 41. Rxe4 Rhh8 42. Re5 Rhc8 43. f5 Kf6 44. Kf4 gxf5 45. gxf5 Rh8 46.
fxe6 Rxh4+ 47. Kg3 Kxe5 48. Kxh4 fxe6 49. Kg4 Ke4 0-1

[Event "Late-Titled-Tuesday-Blitz-July-09-2024"]
[Site "Chess.com"]
[Date "2024.07.09"]
[Round "7"]
[White "SRob2003"]
[Black "bob1263"]
[Result "1-0"]
[WhiteElo "2719"]
[BlackElo "2531"]
[TimeControl "180+1"]
[EndTime "15:17:04 PDT"]
[Termination "SRob2003 won on time"]

1. c4 e6 2. g3 d5 3. Bg2 Nf6 4.
Nf3 Be7 5. O-O O-O 6. b3 c5 7. Bb2 Nbd7 8. e3 b6 9. Nc3 Bb7 10. cxd5 Nxd5 11. Qe2 Rc8 12. Rac1 Qc7 13. Rfd1 Rfd8 14.
d4 Nxc3 15. Rxc3 Qb8 16. Rcc1 Qa8 17. Ne1 Bxg2 18. Nxg2 cxd4 19. Bxd4 Bf6 20. Bxf6 Nxf6 21. Nf4 h6 22. f3 e5 23. Ng2 e4 24. f4 Rxc1 25.
Rxc1 Rd3 26. Ne1 Rd6 27. Nc2 Nd7 28. Rd1 Rxd1+ 29. Qxd1 Qc6 30. Qd2 Nc5 31. Qc3 Qd5 32. Nd4 a5 33. Kf1 g6 34. Kg1 h5 35. Kg2 Kf8 36. Kf1 Kg8 37. Qc4 Qxc4+ 38. bxc4 Kf8 39. Ke2 Ke7 40. Kd2 Kd6 41. Kc3 Nd7 42. Nb5+ Kc5 43. Nc7 Nf6 44. h3 Kc6 45. Nb5 Kc5 46. a3 Kc6 47.
Kd4 1-0

[Event "Late-Titled-Tuesday-Blitz-July-09-2024"]
[Site "Chess.com"]
[Date "2024.07.09"]
[Round "7"]
[White "HouseOfDurin"]
[Black "JavierRuizVazquez"]
[Result "1/2-1/2"]
[WhiteElo "2300"]
[BlackElo "2408"]
[TimeControl "180+1"]
[EndTime "15:17:04 PDT"]
[Termination "Game drawn by stalemate"]

1. d4 Nf6 2. Bg5 g6 3. Bxf6 exf6 4. c4 f5 5. Nc3 Bg7 6. g3 O-O 7. e3 Re8 8. Nge2 d6 9. Bg2 c6 10. O-O h5 11. h4 Nd7 12. b4 Nf6 13. Qd3 Bd7 14.
a4 Ng4 15. b5 Bf6 16. Bf3 Bxh4 17. Bxg4 hxg4 18. gxh4 Qxh4 19. Nf4 Kg7 20. Kg2 Rh8 21. Rh1 Qg5 22. Rxh8 Rxh8 23. Rh1 Rxh1 24. Kxh1 Qh4+ 25. Kg1 g5 26. Ng2 Qh3 27. d5 c5 28. Ne2 Qf3 29.
Ne1 Qh3 30. e4 Qh7 31. exf5 Bxf5 32. Qc3+ Kg8 33. Ng3 Qg6 34. Nxf5 Qxf5 35. Ng2 Qb1+ 36. Kh2 Qe4 37. Qf6 Qxc4 38. Qxg5+ Kh7 39. Nf4 Qe4 40.
Qh5+ Kg7 41. Qxg4+ Kf8 42. Ne6+ Qxe6 43. dxe6 Ke7 44.
exf7 Kxf7 45. Qf3+ Ke7 46. Qxb7+ Ke6 47. Qxa7 Ke5 48.
b6 Kd4 49. Qd7 d5 50. b7 c4 51. b8=Q c3 52. Qxd5+ Kxd5 53. Qc7 Kd4 54. a5 Kd3 55. a6 Kd2 56. a7 Kc2 57. Qxc3+ Kb1 58. a8=Q 1/2-1/2

[Event "Late-Titled-Tuesday-Blitz-July-09-2024"]
[Site "Chess.com"]
[Date "2024.07.09"]
[Round "7"]
[White "Proteuo"]
[Black "Os55555"]
[Result "0-1"]
[WhiteElo "2429"]
[BlackElo "2320"]
[TimeControl "180+1"]
[EndTime "15:17:05 PDT"]
[Termination "Os55555 won on time"]

1. e4 c5 2. Ne2 Nc6 3. g3 e6 4.
Bg2 a6 5. O-O b5 6. c3 Bb7 7. d4 cxd4 8. cxd4 d5 9. exd5 exd5 10. Nbc3 Nf6 11. Bg5 Be7 12. Nf4 O-O 13. Re1 h6 14.
Rxe7 hxg5 15. Nfxd5 Nxe7 16. Nxf6+ gxf6 17. Bxb7 Ra7 18. Be4 Rd7 19. Qh5 Ng6 20. d5 Kg7 21. Rd1 Rh8 22. Qe2 Ne5 23. Bg2 Rh6 24. a3 g4 25.
Qe4 Qh8 26. Qf5 Rxh2 27. Re1 Rxg2+ 28. Kf1 Qh2 29. Rxe5 Rxf2+ 30. Qxf2 Qxf2+ 31. Kxf2 fxe5 32. Ke3 f5 33. b4 Kf6 34. Kf2 Kg5 35. Ke3 f4+ 36.
gxf4+ exf4+ 37. Ke4 g3 38. Kf3 Kf5 39. Ne4 Rxd5 40.
Nc5 Rd1 41. Nb3 Rd3+ 42. Kg2 Rxb3 0-1

[Event "Late-Titled-Tuesday-Blitz-July-09-2024"]
[Site "Chess.com"]
[Date "2024.07.09"]
[Round "7"]
[White "Andreikka"]
[Black "krzyzan94"]
[Result "0-1"]
[WhiteElo "2994"]
[BlackElo "2783"]
[TimeControl "180+1"]
[EndTime "15:17:09 PDT"]
[Termination "krzyzan94 won on time"]

1. e4 c5 2. Nc3 d6 3. Bc4 Nc6 4. d3 g6 5. a3 Bg7 6. Ba2 Nf6 7. Nge2 O-O 8. O-O Rb8 9. h3 b5 10. Be3 a5 11. Qd2 b4 12. axb4 axb4 13. Nd1 e5 14.
Bg5 Be6 15. Bxe6 fxe6 16. c3 Qd7 17. Ne3 Nh5 18. Ng4 Ra8 19. Be3 Rfb8 20. f4 exf4 21. Nxf4 Nxf4 22. Bxf4 Rxa1 23. Rxa1 bxc3 24. bxc3 h5 25. Ne3 Ne5 26. Rd1 Kh7 27. d4 cxd4 28. cxd4 Nc6 29. d5 Nd4 30. Nc4 exd5 31. exd5 Rb5 32.
Ne3 Rb2 33. Qxb2 Nf3+ 34. Kf2 Bxb2 35. Kxf3 Bf6 36. Rc1 g5 37. Bg3 Bd4 38. Ke4 Bb6 39.
Nc4 Bc5 40. Ne5 Qa4+ 41. Kf5 Qa3 42. Rb1 dxe5 43. Rb7+ Kg8 44. Bxe5 Qd3+ 45. Kf6 Bf8 46. Rd7 Qf1+ 47. Ke6 Qxg2 48. Rd8 Qxh3+ 49. Kf6 Qf3+ 0-1

[Event "Late-Titled-Tuesday-Blitz-July-09-2024"]
[Site "Chess.com"]
[Date "2024.07.09"]
[Round "7"]
[White "sari07"]
[Black "Ninocanina"]
[Result "0-1"]
[WhiteElo "2351"]
[BlackElo "1977"]
[TimeControl "180+1"]
[EndTime "15:17:09 PDT"]
[Termination "Ninocanina won on time"]

1. d4 d5 2. Nf3 Nf6 3. g3 e6 4. Bg2 Be7 5. O-O O-O 6. b3 b6 7. Bb2 Bb7 8. c4 c5 9. Ne5 Nbd7 10.
Nc3 Rb8 11. cxd5 Nxd5 12. Nxd5 Bxd5 13. Bxd5 Nxe5 14. Bg2 cxd4 15. Qxd4 Bf6 16. Qxd8 Rfxd8 17. Rad1 Ng4 18. Bxf6 Nxf6 19. Bf3 Nd7 20. Kg2 Ne5 21. Be4 Nd7 22. b4 a5 23. Bc6 Ne5 24. b5 Kf8 25. f4 Nc4 26. Kf2 Ke7 27. e4 Rxd1 28. Rxd1 Rd8 29. Rxd8 Kxd8 30. e5 Na3 31. Ke3 Nc2+ 32.
Ke4 Nb4 33. g4 Nxa2 34. f5 Nb4 35. h4 Nxc6 36. bxc6 Kc7 37. h5 Kxc6 38. g5 exf5+ 39. Kxf5 a4 40. g6 fxg6+ 41. hxg6 hxg6+ 42. Kxg6 Kd7 43. Kf7 a3 44. e6+ Kc7 45. e7 a2 46.
e8=Q a1=Q 47. Qe7+ Kc6 48. Qe8+ Kc5 49. Qc8+ Kb4 50.
Qg4+ Kb5 51. Qg5+ Ka6 52. Qg2 Qf6+ 53. Ke8 Qe6+ 54. Kf8 Qf6+ 55. Ke8 Qe5+ 56. Kd7 Qd4+ 57. Kc8 Qc5+ 58. Kb8 Qd6+ 0-1

[Event "Late-Titled-Tuesday-Blitz-July-09-2024"]
[Site "Chess.com"]
[Date "2024.07.09"]
[Round "7"]
[White "AcostaPablo"]
[Black "Kowarenai"]
[Result "1-0"]
[WhiteElo "2711"]
[BlackElo "2559"]
[TimeControl "180+1"]
[EndTime "15:17:10 PDT"]
[Termination "AcostaPablo won by resignation"]

1. e4 c6 2. Nf3 d5 3. Nc3 Bg4 4. h3 Bxf3 5. Qxf3 e6 6. d3 Nd7 7.
g3 Ngf6 8. Bg2 Be7 9. O-O O-O 10. Qe2 dxe4 11. dxe4 e5 12. Be3 Bc5 13. Rad1 Bxe3 14.
Qxe3 Qb6 15. Qxb6 axb6 16. a3 b5 17. f4 Rfe8 18. Kf2 Nb6 19. fxe5 Rxe5 20. Rd4 Kf8 21. Rfd1 Ke8 22. Bf1 Re7 23. Kf3 Nfd7 24. Kf2 Ne5 25. Nxb5 cxb5 26. Bxb5+ Nc6 27. Rd6 Rc8 28. a4 Rec7 29.
a5 Nd7 30. Ke3 Ndb8 31. c3 Rd7 32. R6d5 Ke7 33. b4 f6 34. Ba4 Rdc7 35. Rc5 Ne5 36.
Rxc7+ Rxc7 37. Rc1 Nbc6 38. Bb3 Nxb4 39. Kd2 Nbd3 40.
Rb1 Nc5 41. Bd5 Nc6 42. Rb5 Nd7 43. c4 Kd6 44. Kc3 Ndb8 45. c5+ Kd7 46. Kc4 Ne5+ 47. Kb3 Nbc6 48. Ka4 Kc8 49. a6 bxa6 50. Rb6 a5 51.
Kb5 Rb7 52. Bxc6 Rxb6+ 53. cxb6 Nxc6 54. Kxc6 a4 55. b7+ Kb8 56. e5 a3 57. e6 a2 58. e7 a1=Q 59. e8=Q+ 1-0

[Event "Late-Titled-Tuesday-Blitz-July-09-2024"]
[Site "Chess.com"]
[Date "2024.07.09"]
[Round "7"]
[White "Beaterawn"]
[Black "Love7Unicorn"]
[Result "1/2-1/2"]
[WhiteElo "2436"]
[BlackElo "2593"]
[TimeControl "180+1"]
[EndTime "15:17:10 PDT"]
[Termination "Game drawn - insufficient material"]

1. e4 c5 2. Nf3 d6 3. d4 cxd4 4. Nxd4 Nf6 5. Nc3 g6 6. f4 Nc6 7. Nxc6 bxc6 8. e5 Nd7 9. Qf3 d5 10. Be3 e6 11. O-O-O h5 12. h4 Be7 13. g4 Qa5 14. gxh5 Rxh5 15. Qg4 Rb8 16. Rd3 Ba6 17. Bd2 Qb4 18. b3 Bxd3 19. Bxd3 Nxe5 20. Qg3 Nxd3+ 21. Qxd3 Rxh4 22. Rxh4 Bxh4 23. Qh3 Bf6 24. Kb2 Qd4 25. Qd3 Qxd3 26. cxd3 Bxc3+ 27. Bxc3 c5 28. Bf6 Rb4 29. Bg5 Kf8 30. a3 Rd4 31. Kc3 Kg7 32. Be7 Rxf4 33. Bxc5 a6 34. b4 g5 35. Bd6 Rf1 36. a4 f5 37. b5 axb5 38. axb5 Rb1 39. Bb4 g4 40. b6 Rc1+ 41. Kd4 Rc8 42. Bd6 Kg6 43. Ke3 Rd8 44. b7 Kf6 45. b8=Q Rxb8 46. Bxb8 e5 47. d4 f4+ 48.
Kf2 exd4 49. Bxf4 Kf5 50. Bd6 Ke4 51. Ke2 Kf5 52. Kd3 Ke6 53. Bg3 Kf5 54. Kxd4 Kg5 55.
Kxd5 Kf5 56. Kd4 Kg5 57. Ke4 Kh5 58. Kf5 Kh6 59. Kxg4 1/2-1/2

[Event "Late-Titled-Tuesday-Blitz-July-09-2024"]
[Site "Chess.com"]
[Date "2024.07.09"]
[Round "7"]
[White "Nf3c5"]
[Black "lluiss"]
[Result "1-0"]
[WhiteElo "2627"]
[BlackElo "2203"]
[TimeControl "180+1"]
[EndTime "15:17:11 PDT"]
[Termination "Nf3c5 won on time"]

1. e4 c5 2. Nc3 d6 3. d4 cxd4 4. Qxd4 Nc6 5. Qd2 Nf6 6. b3 e6 7. Bb2 d5 8. exd5 exd5 9. O-O-O Be6 10. Nf3 Bb4 11. a3 Ne4 12. Qe1 Nxc3 13. Bxc3 Bxa3+ 14.
Kb1 O-O 15. Ne5 Re8 16. Bb5 Qb6 17. Ba4 Bd7 18. Nxd7 Rxe1 19. Nxb6 Rxh1 20. Rxh1 axb6 21.
Rd1 Rd8 22. Bb5 Bc5 23. f3 d4 24. Bb2 h6 25. h4 Re8 26. g4 Re3 27. Rf1 Ne5 28. b4 Bxb4 29. Bxd4 Bc5 30. Bxe3 Bxe3 31. Re1 Bf4 32. Re4 Bg3 33. h5 f6 34. Be2 Kf7 35. f4 Nc6 36. Bc4+ Kf8 37. c3 Ne7 38. Be6 Bf2 39. Kc2 Bc5 40. Kb3 Nc6 41. Bd5 Na5+ 42. Ka4 Bf2 43. Kb5 Bc5 44. Re2 Bg1 45. Be4 Nc6 46. Bxc6 bxc6+ 47. Kxc6 Bc5 48. Kd7 Kf7 49.
c4 Bb4 50. f5 Bc5 51. Re6 Bd4 52. Kc6 Bc5 53. Kb5 Be3 54. Rxb6 1-0

[Event "Late-Titled-Tuesday-Blitz-July-09-2024"]
[Site "Chess.com"]
[Date "2024.07.09"]
[Round "7"]
[White "flaviorcb"]
[Black "ArturoCaceres"]
[Result "0-1"]
[WhiteElo "2198"]
[BlackElo "2412"]
[TimeControl "180+1"]
[EndTime "15:17:12 PDT"]
[Termination "ArturoCaceres won by resignation"]

1. d4 f5 2. Bg5 b6 3. e3 Bb7 4.
Nf3 d6 5. Bd3 g6 6. c4 Nf6 7.
Bxf6 exf6 8. Nc3 Bg7 9. O-O O-O 10. d5 Nd7 11. Nd4 Re8 12. Ne6 Rxe6 13. dxe6 Nc5 14. Be2 Nxe6 15. Bf3 Bxf3 16. Qxf3 Qe8 17. Nd5 Rb8 18. Rac1 h5 19. h4 a5 20. b3 Qd7 21.
Nf4 Nf8 22. Rfd1 Bh6 23. Qd5+ Kh7 24. Nd3 Qe7 25. Re1 Re8 26. Rcd1 Nd7 27. a3 Qe4 28. g3 Re7 29. b4 axb4 30. Nxb4 Ne5 31. Qxe4 fxe4 32.
Re2 Nxc4 33. Nd5 Rf7 34. Rc2 b5 35. a4 c6 36. Nb4 c5 37. axb5 Na3 38. Rb2 cxb4 39.
Rxb4 Rb7 40. Rxd6 Bf8 41. Rbd4 Bxd6 42. Rxd6 Kg7 43. b6 f5 44. Rc6 Nb5 45. Kf1 Kf7 46. Ke2 Rd7 47. Ke1 Nd6 48. Rc7 Rxc7 49. bxc7 Ke7 50.
Ke2 Kd7 51. f3 Kxc7 52. fxe4 Nxe4 0-1

[Event "Late-Titled-Tuesday-Blitz-July-09-2024"]
[Site "Chess.com"]
[Date "2024.07.09"]
[Round "7"]
[White "Robert_Oros"]
[Black "VacheH009"]
[Result "1-0"]
[WhiteElo "2341"]
[BlackElo "2501"]
[TimeControl "180+1"]
[EndTime "15:17:13 PDT"]
[Termination "Robert_Oros won by checkmate"]

1. d4 d5 2. c4 e6 3. Nc3 c6 4. e4 dxe4 5. Nxe4 Bb4+ 6. Bd2 Qxd4 7. Bxb4 Qxe4+ 8. Be2 Na6 9. Bd6 Qxg2 10. Bf3 Qg5 11.
Ne2 Ne7 12. Rg1 Qf5 13. Nd4 Qa5+ 14. Kf1 e5 15. Nb3 Qa4 16. Bxe7 Kxe7 17. Rxg7 Qxc4+ 18. Kg1 Be6 19. Rc1 Qf4 20. Bg2 Rhg8 21. Rg3 Rad8 22. Qe1 h5 23. h4 Rxg3 24. fxg3 Qf6 25. Nd2 Nc5 26. Rxc5 e4 27. Nxe4 Qd4+ 28. Qf2 Qd1+ 29. Kh2 Ke8 30. Qf6 Qe1 31. Rxh5 Kd7 32. Nc5+ Kc8 33.
Nxe6 fxe6 34. Re5 Qd2 35. Qxe6+ Kc7 36. Rf5 Kb6 37. Rf7 Ka6 38. Qb3 Rb8 39. Rf4 b5 40. Rf6 Rb6 41. Qc3 Qxc3 42. bxc3 c5 43. Rxb6+ Kxb6 44.
h5 b4 45. cxb4 c4 46. h6 c3 47. Be4 Kb5 48. h7 Kxb4 49. h8=Q a6 50. Qd4+ Ka3 51. Qxc3+ Ka4 52. Qb2 Ka5 53. Bd3 Ka4 54. Bxa6 Ka5 55. Qb5# 1-0

[Event "Late-Titled-Tuesday-Blitz-July-09-2024"]
[Site "Chess.com"]
[Date "2024.07.09"]
[Round "7"]
[White "SharathRk6"]
[Black "IngOscarArdila"]
[Result "1-0"]
[WhiteElo "2434"]
[BlackElo "2291"]
[TimeControl "180+1"]
[EndTime "15:17:14 PDT"]
[Termination "SharathRk6 won by resignation"]

1. e4 e5 2. Nf3 Nf6 3. Nxe5 d6 4.
Nf3 Nxe4 5. Nc3 Nxc3 6. dxc3 Be7 7. Bd3 O-O 8. Be3 Nd7 9. Qd2 Nf6 10. O-O-O c5 11.
Kb1 b5 12. Ng5 c4 13. Be4 Rb8 14. Bxa7 Nxe4 15. Nxe4 Ra8 16. Be3 Qa5 17. a3 d5 18.
Bc5 dxe4 19. Bxe7 Re8 20. Bb4 Qb6 21. Rhe1 Bf5 22. Qd5 Bg6 23. h4 h5 24. Qd4 Qc6 25. Qc5 Qb7 26. Rd6 Rac8 27. Qd4 Rc6 28. g3 Rxd6 29.
Qxd6 Qc8 30. Qc5 Qf5 31. Qxf5 Bxf5 32. Kc1 Rd8 33. b3 Kh7 34. Bc5 Rd7 35. Bd4 Kg6 36.
Kd2 f6 37. Ke3 Kf7 38. Ra1 Be6 39. Rb1 cxb3 40. cxb3 f5 41. a4 bxa4 42. bxa4 Bc4 43. a5 Bd3 44. Rb6 Ra7 45. Rf6+ gxf6 46. Bxa7 Ke6 47.
Bd4 Kd5 48. Kf4 Ke6 49. Ke3 Kf7 50. f3 Ke6 51. g4 fxg4 52. fxg4 hxg4 53. h5 Kf5 54. h6 Kg6 55. Kf4 Kxh6 56. Kxg4 Kg6 57. Kf4 f5 58. Ke5 Bc4 59. Be3 Bd3 60. Kd4 Ba6 61.
c4 Kh5 62. c5 Kg4 63. c6 f4 64.
Kxe4 fxe3 65. Kxe3 Kf5 66. Kd4 Ke6 67. Kc5 Ke7 68. Kb6 Bc8 69. a6 Kd6 70. a7 1-0